 Dungeon Crawl Stone Soup version 0.24.0 (webtiles) character file.

Game seed: 11544716142119019145, levelgen mode: deterministic

263 Emblim88 the Skirmisher (level 5, -1/43 HPs)
             Began as a Demonspawn Monk on Oct 25, 2019.
             Slain by an orc
             ... wielding a cursed -1 trident
              (7 damage)
             ... on level 4 of the Dungeon.
             The game lasted 00:05:40 (3615 turns).

Emblim88 the Skirmisher (Demonspawn Monk)           Turns: 3615, Time: 00:05:40

Health: -1/43      AC:  3    Str: 17    XL:     5   Next: 97%
Magic:  6/6        EV: 14    Int: 22    God:
Gold:   145        SH:  0    Dex: 15    Spells: 4/4 levels left

rFire    . . .     SeeInvis .   g - +1 dagger (distort)
rCold    . . .     Gourm    .   (no shield)
rNeg     . . .     Faith    .   j - +0 leather armour
rPois    .         Spirit   .   (no helmet)
rElec    .         Reflect  .   (no cloak)
rCorr    .         Harm     .   (no gloves)
MR       .....                  (no boots)
Stlth    ++........             (no amulet)
HPRegen  0.14/turn              b - +5 ring of intelligence
MPRegen  0.10/turn              (no ring)

@: mighty, brilliant
A: talons 1, powered by pain 1
a: no special abilities


You were on level 4 of the Dungeon.
You were not hungry.

You visited 1 branch of the dungeon, and saw 4 of its levels.

You collected 145 gold pieces.

Inventory:

Hand Weapons
 a - a +0 hand axe
 g - a +1 dagger of distortion (weapon)
 t - a +0 long sword
Missiles
 e - 18 poisoned darts (quivered)
 v - 8 curare-tipped darts
Armour
 j - a +0 leather armour (worn)
 n - a +0 plate armour
 o - a +0 chain mail
Jewellery
 b - a +5 ring of intelligence (left hand)
Wands
 w - a wand of digging (3)
Scrolls
 d - 3 scrolls of teleportation {unknown}
 f - 2 scrolls of fear {unknown}
 i - 5 scrolls of identify {unknown}
 k - a scroll of noise {unknown}
 l - a scroll of fog {unknown}
 p - a scroll of enchant weapon {unknown}
 s - 2 scrolls of magic mapping {unknown}
 u - a scroll of amnesia {unknown}
Potions
 q - a potion of cancellation
Comestibles
 m - 2 rations


   Skills:
 + Level 4.4 Fighting
 + Level 4.0 Axes
 + Level 4.0 Dodging
 - Level 1.7 Stealth
 * Level 1.5 Evocations


You had 4 spell levels left.
You didn't know any spells.
Your spell library was empty.

Dungeon Overview and Level Annotations

Branches:
Dungeon (4/15)
 Temple: D:4-7

Altars:
Elyvilon
The Shining One

Annotations:
Abyss:1 Natasha


Innate Abilities, Weirdness & Mutations

You have sharp toenails.
You sometimes gain a little power by taking damage.


Message History

The orc throws a boomerang of dispersal.
The boomerang of dispersal closely misses you.
The orc barely misses you.
The orc throws a boomerang of dispersal.
The boomerang of dispersal misses you.
Items here: )) [ ††††† You puncture something!
The orc hits you from afar with a cursed -1 trident.
You puncture the orc!
You kill the orc!
A hound comes into view.
The orc hits you from afar with a cursed -1 trident!
* * * LOW HITPOINT WARNING * * *
Something hits you.
* * * LOW HITPOINT WARNING * * *
You barely miss something. The orc barely misses you. Something hits you.
* * * LOW HITPOINT WARNING * * *
You closely miss something.
The orc hits you from afar with a cursed -1 trident!
You die...

# .# .# .... ....
#..###..#
#..#....#
##..#.#..#
...#.#..##
####..#@#...#
#....##{#...###
#oo...ho......#
......o....#.....#
..oh.###....##...#
...h #.#.......#
.h. ......≈≈...#
.. ≈.....≈≈≈...# .
≈≈≈.....≈).#>#


You could see a hound and an orc.

Vanquished Creatures
  An orc priest (D:4)
  A worker ant (D:2)
  3 adders
  3 oozes (D:1)
  4 dart slugs
  A leopard gecko (D:2)
  2 orcs (D:4)
  4 giant cockroaches
  8 hobgoblins
  8 jackals
  10 kobolds
  2 quokkas
  10 bats
  6 frilled lizards
  10 goblins
  6 rats
79 creatures vanquished.

Vanquished Creatures (others)
  A phantom (D:4)
  An adder (D:3)
  A worm (D:4)
3 creatures vanquished.

Grand Total: 82 creatures vanquished

Notes
Turn   | Place    | Note
-------+----------+-------------------------------------------
     0 | D:1      | Emblim88 the Demonspawn Monk began the quest for the Orb.
     0 | D:1      | Reached XP level 1. HP: 18/18 MP: 1/1
    67 | D:1      | Gained mutation: You have sharp toenails. [demonic
                  | ancestry]
    67 | D:1      | Reached XP level 2. HP: 10/24 MP: 2/2
   676 | D:1      | Reached XP level 3. HP: 24/29 MP: 3/3
  1514 | D:2      | Gained mutation: You sometimes gain a little power by
                  | taking damage. [demonic ancestry]
  1514 | D:2      | Reached XP level 4. HP: 6/37 MP: 4/4
  1515 | D:2      | HP: 1/37 [hobgoblin/+0 club (4)]
  1985 | D:2      | Found a glowing golden altar of the Shining One.
  2904 | D:3      | Found a white marble altar of Elyvilon.
  2978 | D:3      | Noticed Natasha
  2981 | D:3      | Banished Natasha
  2981 | D:3      | Reached XP level 5. HP: 42/42 MP: 5/5
  3313 | D:4      | Noticed a phantom
  3577 | D:4      | Banished a phantom
  3577 | D:4      | Reached skill level 1 in Evocations
  3615 | D:4      | Slain by an orc

Levels and vault maps discovered:
D:1:      matt_arrival_diagonals, layout_basic
D:2:      layout_basic, first_ration, tso_altar
D:3:      layout_basic, elyvilon_altar_3, uniq_natasha
D:4:      layout_basic, portal_sewer_entry_f, lemuel_old_faithful, uniq_edmund
